 Dungeon Crawl Stone Soup version 0.24-a0-317-g5cb8de4 (webtiles) character file.

Game seed: 3962448601016040070

76 MisterFreud the Ruffian (level 4, -1/41 HPs)
             Began as a Troll Hunter on May 16, 2019.
             Slain by a gnoll
             ... wielding a +0 halberd
              (8 damage)
             ... on level 2 of the Dungeon.
             The game lasted 00:01:31 (1031 turns).

MisterFreud the Ruffian (Troll Hunter)              Turns: 1031, Time: 00:01:32

Health: -1/41      AC:  6    Str: 21    XL:     4   Next: 12%
Magic:  3/3        EV: 10    Int:  7    God:
Gold:   62         SH:  0    Dex: 10    Spells: 3/3 levels left

rFire    . . .     SeeInvis .     - Unarmed
rCold    . . .     Gourm    +   (no shield)
rNeg     . . .     Faith    .   b - +0 robe
rPois    .         Spirit   .   (helmet restricted)
rElec    .         Reflect  .   (no cloak)
rCorr    .         Harm     .   (gloves unavailable)
MR       .....                  (boots unavailable)
Stlth    +.........             (no amulet)
HPRegen  0.53/turn              (no ring)
MPRegen  0.08/turn              (no ring)

@: no status effects
A: large, unfitting armour, claws 3, fast metabolism 3, gourmand, regeneration
1, shaggy fur 1, tough skin 3
a: no special abilities


You were on level 2 of the Dungeon.
You were full.

You visited 1 branch of the dungeon, and saw 2 of its levels.

You collected 62 gold pieces.

Inventory:

Missiles
 a - 47 stones
 c - 5 large rocks (quivered)
 d - 2 throwing nets
Armour
 b - a +0 robe (worn)
Scrolls
 g - 3 scrolls of identify {unknown}
 h - a scroll of magic mapping {unknown}
 k - a scroll of teleportation {unknown}
Potions
 e - a potion of agility {unknown}
 i - a potion of mutation {unknown}
 j - a potion of magic {unknown}
Comestibles
 f - 2 rations


   Skills:
 - Level 1.5 Fighting
 - Level 3.6 Throwing
 - Level 1.5 Dodging
 - Level 0.3 Stealth
 + Level 3.8 Unarmed Combat


You had 3 spell levels left.
You didn't know any spells.
Your spell library was empty.

Dungeon Overview and Level Annotations

Branches:
Dungeon (2/15)

Altars:
Cheibriados
Dithmenos
Uskayaw


Innate Abilities, Weirdness & Mutations

You are too large for most types of armour.
You have claws for hands.
Your metabolism is lightning-fast.
You like to eat raw meat.
Your natural rate of healing is unusually fast.
You are covered in fur. (AC +1)
You have extremely tough skin. (AC +3)


Message History

You kill the gnoll!
You have reached level 4!
The gnoll hits you from afar with a +0 halberd!
* * * LOW HITPOINT WARNING * * *
You start resting.
The gnoll is too close now for your liking.
You closely miss the gnoll. The gnoll hits you with a +0 halberd!
You scratch the gnoll.
The gnoll is lightly wounded.
The gnoll hits you with a +0 halberd!
* * * LOW HITPOINT WARNING * * *
You scratch the gnoll but do no damage.
The gnoll is lightly wounded.
The gnoll misses you.
You scratch the gnoll.
The gnoll is lightly wounded.
You scratch the gnoll.
The gnoll is heavily wounded.
The gnoll hits you with a +0 halberd!
You die...

.... ...............##.####...#
..... ....................<....#
..!...##....#.....##.#..###....##
.....g'..........................
#.....##.##.#.....##+#..####...##
#..g. #g##.####.................
#... #K## #..........÷...... #..
#g##.####................. ..
#.##....)@.........###.... #
##.########g........# #.§..
#....g.Kg..##.......# #.._.
#.########.##.......# ##...
###'### ###.##.......# ##..
###.....####....#.......# #.#
##.........##....#.......# #.#
#..⌠.....⌠..#....#.......# #.#
#.....8.....#....#.......# #.#


You could see a gnoll.

Vanquished Creatures
  2 gnolls (D:2)
  An adder (D:2)
  A worm (D:2)
  3 dart slugs (D:1)
  2 leopard geckos (D:1)
  6 giant cockroaches (D:1)
  3 goblins (D:1)
  6 hobgoblins (D:1)
  2 bats
  2 frilled lizards (D:1)
  4 kobolds
  5 rats
37 creatures vanquished.

Notes
Turn   | Place    | Note
-------+----------+-------------------------------------------
     0 | D:1      | MisterFreud the Troll Hunter began the quest for the Orb.
     0 | D:1      | Reached XP level 1. HP: 19/19 MP: 0/0
    94 | D:1      | Reached skill level 1 in Unarmed Combat
   147 | D:1      | Reached XP level 2. HP: 27/27 MP: 1/1
   606 | D:1      | Reached XP level 3. HP: 32/33 MP: 2/2
   878 | D:2      | Found a shadowy altar of Dithmenos.
   969 | D:2      | Found a hide-covered altar of Uskayaw.
   969 | D:2      | Found a snail-covered altar of Cheibriados.
  1011 | D:2      | Reached XP level 4. HP: 21/41 MP: 3/3
  1031 | D:2      | Slain by a gnoll

Levels and vault maps discovered:
D:1:      minmay_arrival_wavy_path, layout_loops_corners
D:2:      layout_basic, grunt_dithmenos_smoke, gammafunk_temple_overflow_pools,
          elyvilon_altar_1

Skill      XL: |  1  2  3 |
---------------+----------+-----
Unarmed Combat | 1 2 3 |  3.8
Fighting       | |  1.5
Throwing       | |  3.6
Dodging        | |  1.5
Stealth        | |  0.3

Action                   |  1- 3 |  4- 6 || total
-------------------------+-------+-------++-------
Melee: Unarmed           |    75 |     5 ||    80
  Eat: Chunk             |    12 |       ||    12
Armor: Robe              |    16 |       ||    16
Dodge: Dodged            |    30 |     1 ||    31

Table legend:
 A = Non-vault XP
 B = Vault XP
 C = Vault XP percentage of total XP
 D = Non-vault monster count
 E = Vault monster count
 F = Vault count percentage of total count
                 A         B        C        D         E       F
            +---------+---------+-------+---------+---------+-------
      Total |     109 |       0 |   0.0 |      37 |       0 |   0.0
            +---------+---------+-------+---------+---------+-------
        D:1 |      59 |       0 |   0.0 |      30 |       0 |   0.0
        D:2 |      50 |       0 |   0.0 |       7 |       0 |   0.0
            +---------+---------+-------+---------+---------+-------
